 Dungeon Crawl Stone Soup version 0.31.0-11-ge490571c62 (webtiles) character file.

Game seed: 1422117102752194057

72 protoss039 the Digger (level 4, -1/33 HPs)
             Began as a Demonspawn Earth Elementalist on Jan 31, 2024.
             Slain by Grinder (5 damage)
             ... on level 3 of the Dungeon.
             The game lasted 00:03:48 (1680 turns).

protoss039 the Digger (DsEE)                        Turns: 1680, Time: 00:03:48

Health: -1/33      AC: 10    Str:  8    XL:     4   Next: 6%
Magic:  0/8        EV: 10    Int: 17    God:
Gold:   118        SH:  0    Dex: 14    Spells: 1/8 levels left

rFire   . . .        c - +0 short sword
rCold   . . .        (no shield)
rNeg    . . .        m - +1 ring mail
rPois   .            (no helmet)
rElec   .            (no cloak)
rCorr   .            (no gloves)
SInv    .            (no boots)
Will    .....        (no amulet)
Stlth   +            d - +4 ring of protection
HPRegen 0.25/turn    (no ring)
MPRegen 0.22/turn

%: guardian spirit
@: no status effects
A: magic shield, magic regeneration
a: no special abilities


You were on level 3 of the Dungeon.
You visited 1 branch of the dungeon, and saw 3 of its levels.

You collected 118 gold pieces.

Inventory:

Hand Weapons
 c - a +0 short sword (weapon)
Armour
 a - a +0 robe
 m - a +1 ring mail (worn)
Jewellery
 d - a +4 ring of protection (left hand)
Scrolls
 e - a scroll of enchant armour
 f - a scroll of poison {unknown}
 i - a scroll of identify {unknown}
 j - a scroll of torment {unknown}
 n - a scroll of blinking {unknown}
Potions
 b - a potion of magic
 g - a potion of curing {unknown}
 h - a potion of cancellation {unknown}
 k - a potion of heal wounds {unknown}
 l - a potion of lignification {unknown}


   Skills:
 + Level 2.0 Fighting
 - Level 1.7 Dodging
 - Level 1.7 Stealth
 + Level 2.8 Spellcasting
 - Level 1.0 Conjurations
 + Level 3.3 Earth Magic


You had one spell level left.
You knew the following spells:

 Your Spells              Type           Power      Damage    Failure   Level
a - Sandblast             Erth           26%        2d8       14%         1
b - Passwall              Erth           13%        N/A       38%         3
c - Stone Arrow           Conj/Erth      18%        3d8       56%         3

Your spell library contained the following spells:

 Spells                   Type           Power      Damage    Failure   Level
 Brom's Barrelling Bould  Conj/Erth      9%         2d3       92%         4
 Petrify                  Alch/Erth      8%         N/A       95%         4


Dungeon Overview and Level Annotations

Branches:
Dungeon (3/15) Zot: 16285

Altars:
Cheibriados

Annotations:
D:2 Sigmund
D:3 Grinder


Innate Abilities, Weirdness & Mutations

When hurt, damage is shared between your health and your magic reserves.
You regenerate magic rapidly.


Message History

Confirm with . or Enter, or press ? or * to list all spells.
Aiming: Sandblast (safe; 14% risk of failure)
Press: ? - help, Shift-Dir - straight line, f/p - Grinder
Aim: Grinder (heavily wounded, 80% to hit)
The blast of sand hits Grinder!
Grinder is almost dead.
Grinder hits you but does no damage.
Unknown command.
Unknown command.
You closely miss Grinder.
Grinder is almost dead.
Grinder gestures at you.
You suddenly lose the ability to move!
Grinder completely misses you. Grinder hits you but does no damage.
You can move again.
You hit Grinder but do no damage.
Grinder is almost dead.
Grinder blinks!
Unknown command.
Casting: Sandblast (safe; 14% risk of failure)
Confirm with . or Enter, or press ? or * to list all spells.
Aiming: Sandblast (safe; 14% risk of failure)
Press: ? - help, Shift-Dir - straight line, f/p - Grinder
Aim: Grinder (almost dead, 80% to hit)
The blast of sand hits Grinder but does no damage.
Grinder is almost dead.
Grinder gestures at you. Pain shoots through your body!
Unknown command.
Grinder hits you.
You writhe in agony.
* * * LOW HITPOINT WARNING * * *
Unknown command.
You hit Grinder.
Grinder is almost dead.
Grinder hits you.
* * * LOW HITPOINT WARNING * * *
You writhe in agony.
You die...
Grinder says, "Hey, I wasn't done torturing you yet!"

†...#.#.#.#....#
#'#.####.......# .♣
..#............# .♣
#.#####....#...# .♣ ..#
#....#...# .# #.#
#....#...##.# ..
####.#...#..##### ..
..+.........>#
############....@5#.
#........##....#.#
##........+..##....#
.#..†.....##....#.....#
..........##....#...#.#
♣...<......#........#
.#
...........#...###....
. .♣............. ..###
♣♣...#####..... .#


You could see Grinder.

Vanquished Creatures
  3 adders
  A ribbon worm (D:3)
  4 ball pythons
  7 bats
  4 endoplasms
  A giant cockroach (D:1)
  5 goblins
  4 hobgoblins
  A quokka (D:1)
  4 kobolds
  9 rats
43 creatures vanquished.

Notes
Turn   | Place    | Note
-------+----------+-------------------------------------------
     0 | D:1      | protoss039 the Demonspawn Earth Elementalist began the
                  | quest for the Orb.
     0 | D:1      | Reached XP level 1. HP: 13/13 MP: 3/3
   226 | D:1      | Gained mutation: You regenerate magic rapidly. [demonic
                  | ancestry]
   226 | D:1      | Reached XP level 2. HP: 20/20 MP: 3/5
   411 | D:1      | Reached skill level 1 in Fighting
   497 | D:1      | Reached skill level 3 in Earth Magic
   697 | D:1      | Found a faded altar of an unknown god.
   964 | D:2      | Noticed Sigmund
  1295 | D:2      | Gained mutation: When hurt, damage is shared between your
                  | health and your magic reserves. [demonic ancestry]
  1295 | D:2      | Reached XP level 3. HP: 26/26 MP: 4/6
  1484 | D:2      | Learned a level 3 spell: Passwall
  1489 | D:3      | Found a snail-covered altar of Cheibriados.
  1564 | D:3      | Learned a level 3 spell: Stone Arrow
  1593 | D:3      | Reached XP level 4. HP: 30/33 MP: 4/8
  1656 | D:3      | Noticed Grinder
  1674 | D:3      | Paralysed by Grinder for 3 turns
  1680 | D:3      | Slain by Grinder

Illustrated notes

Levels and vault maps discovered:
D:1:      matt_arrival_spirals, layout_basic, basic_ecumenical_altar,
          minmay_misc_feat_encased
D:2:      layout_rooms, minivault_27, minmay_pentomino_v2, uniq_sigmund
D:3:      layout_basic, general_overflow_altar,
          mainiacjoe_overflow_small_starburst, ebering_ghost_sewer_d,
          kennysheep_cross_room, dreamdust_princess_corridor, st_stairs_8,
          uniq_grinder

Skill      XL: |  1  2  3 |
---------------+----------+-----
Fighting       | 1 2 |  2.0
Earth Magic    | 3 |  3.3
Dodging        | |  1.7
Stealth        | |  1.7
Spellcasting   | |  2.8
Conjurations   | |  1.0

Action                     |  1- 3 |  4- 6 || total
---------------------------+-------+-------++-------
  Melee: Short sword       |     3 |     8 ||    11
         Unarmed           |     1 |       ||     1
   Cast: Sandblast         |    58 |    13 ||    71
    Use: Scroll            |       |     1 ||     1
   Stab: Sleeping          |     2 |       ||     2
 Armour: Robe              |    14 |       ||    14
         Ring mail         |     3 |     5 ||     8
  Dodge: Dodged            |     8 |     7 ||    15
